 Dungeon Crawl Stone Soup version 0.30-a0-1066-g63dfefce0d (webtiles) character file.

Game seed: 9046652938322403781

1452 ytrimaz the Changer (level 8, -5/69 HPs)
             Began as a Demigod Transmuter on Apr 12, 2023.
             Slain by a wyvern (13 damage)
             ... on level 7 of the Dungeon.
             The game lasted 00:08:19 (5025 turns).

ytrimaz the Changer (Demigod Transmuter)            Turns: 5025, Time: 00:08:19

Health: -5/69      AC: 12    Str: 11    XL:     8   Next: 23%
Magic:  15/18      EV: 10    Int: 23    God:
Gold:   313        SH:  0    Dex: 14    Spells: 7/16 levels left

rFire   x . .      SeeInvis .      - Unarmed
rCold   + + +      Faith    .    (shield currently unavailable)
rNeg    . . .      Spirit   .    a - melded +0 robe
rPois   +          Reflect  .    k - melded +0 helmet
rElec   .          Rampage  .    (cloak currently unavailable)
rCorr   +                        (gloves currently unavailable)
Will    .....                    l - melded +0 pair of boots
Stlth   +                        (no amulet)
HPRegen 0.31/turn                d - ring of resist corrosion
MPRegen 0.16/turn                c - +4 ring of protection

@: ice-form, wereblooded
A: freezing attack, amphibious, boosted hp, large, high MP 1, forlorn, divine
attributes
a: End Transformation


You were on level 7 of the Dungeon.
You were a creature of crystalline ice.
You visited 1 branch of the dungeon, and saw 7 of its levels.

You collected 313 gold pieces.


Innate Abilities, Weirdness & Mutations

You are a creature of crystalline ice.
You have a powerful freezing melee attack.
You are amphibious.
Your maximum health is increased.
Your armour is entirely melded.
You are incapable of wielding weapons or throwing items.
You have an increased reservoir of magic. (+10% MP)
You shall have no god before yourself.
Your divine heritage dramatically boosts your attributes as you level up.


   Skills:
 - Level 0.8 Fighting
 - Level 1.7 Dodging
 - Level 2.6 Unarmed Combat
 + Level 4.8 Spellcasting
 * Level 7.4 Transmutations
 - Level 3.0 Ice Magic
 - Level 2.0 Poison Magic


You had 7 spell levels left.
You knew the following spells:

 Your Spells              Type           Power      Damage    Failure   Level
b - Wereblood             Tmut           39%        N/A       1%          2
c - Spider Form           Tmut/Pois      27%        N/A       4%          3
d - Ice Form              Ice/Tmut       29%        N/A       11%         4

Your spell library contained the following spells:

 Spells                   Type           Power      Damage    Failure   Level
 Beastly Appendage        Tmut           78%        N/A       1%          1
 Sting                    Tmut/Pois      100%       1d8       1%          1
 Apportation              Tloc           10%        N/A       10%         1
 Magic Dart               Conj           20%        1d4       10%         1
 Necrotise                Necr           20%        1d5       10%         1
 Summon Small Mammal      Summ           20%        N/A       10%         1
 Poisonous Vapours        Pois/Air       20%        N/A       10%         2
 Searing Ray              Conj           10%        2d4       14%         2
 Summon Guardian Golem    Hex/Summ       5%         N/A       28%         3
 Vampiric Draining        Necr           5%         2d6       28%         3
 Olgreb's Toxic Radiance  Pois           14%        N/A       38%         4
 Fulminant Prism          Conj/Hex       2%         3d5       67%         4
 Agony                    Necr           5%         N/A       95%         5
 Orb of Destruction       Conj           2%         9d5       100%        7
 Spellforged Servitor     Conj/Summ      2%         N/A       100%        7

Inventory:

Armour
 a - a +0 robe (melded)
 k - a +0 helmet (melded)
   (You found it on level 4 of the Dungeon)
 l - a +0 pair of boots (melded)
   (You found it on level 1 of the Dungeon)
Jewellery
 c - a +4 ring of protection (right front paw)
   (You found it on level 3 of the Dungeon)
 d - a ring of resist corrosion (left front paw)
   (You found it on level 1 of the Dungeon)
 h - a ring of positive energy
   (You found it on level 2 of the Dungeon)
 o - a ring of fire
   (You found it on level 6 of the Dungeon)
Wands
 g - a wand of light (13)
   (You took it off an orc on level 3 of the Dungeon)
 t - a wand of roots (5)
   (You found it on level 6 of the Dungeon)
 w - a wand of flame (21)
   (You found it on level 6 of the Dungeon)
Scrolls
 b - 3 scrolls of teleportation
 j - a scroll of torment
 n - a scroll of fog
 s - a scroll of blinking
Potions
 e - 2 potions of heal wounds
 f - 3 potions of curing
 i - a potion of mutation
 m - a potion of magic
 p - a potion of haste
 r - a potion of cancellation {unknown}
 v - a potion of might {unknown}

Dungeon Overview and Level Annotations

Branches:
Dungeon (7/15) Zot: 26828  Temple (0/1) D:6

Shops:
D:4

=[
.#.##.#.......#........##.
...##.#....................
..###.#.......##.......##..
......#......)##......##
.###############.#...## .#
#)##### .# #g# .# #######l#
.# #......Y# .# #.#######
.#########.# ...........#
############


You could see a wyvern and a gnoll.


Message History

You barely miss the bullfrog. The bullfrog hits you. 😕 HP[-1] MP[+1]
You take 1 damage, and now have 62/69 hp.
You hit the bullfrog but do no damage.
The bullfrog hits you but does no damage.
The bullfrog closely misses you.
You hit the bullfrog.
The bullfrog seems to slow down.
You freeze the bullfrog.
The bullfrog hits you but does no damage. 😕 HP[+1]
You punch the bullfrog! You freeze the bullfrog.
The bullfrog hits you but does no damage.
You punch the bullfrog! You freeze the bullfrog.
You feel a bit better.
You kill the bullfrog!
Unknown command. 😕 HP[+2]
You regained 2 hp, and now have 65/69 hp.
You barely miss the gnoll. The gnoll closely misses you. 😕 MP[+1]
You punch the gnoll! You freeze the gnoll.
You feel a bit better.
You kill the gnoll! 😎 HP[+4]
Your hp is fully restored (69).
Things that are here:
a +0 whip; a bullfrog corpse No target in view!
Unknown command.
No target in view!
You are a creature of crystalline ice.
Your melee attacks are strengthened by your wereblood.
Your movement speed is average.
Your attack delay is about 0.9.
Your damage rating with unarmed combat is about 17 (Base [12 + 2 (UC)] x 102% (Str) x 101% (Fight) + 3 (Slay)).
Your primal bloodlust is almost over.
You howl as the wereblood boils in your veins!
Your primal bloodlust has ended.
There is a large open door here.
Your transformation is almost over.
A wyvern comes into view. 😎 MP[+4]
Your mp is fully restored (18).
A wyvern is nearby!
A wyvern is nearby!
A wyvern is nearby!
A gnoll comes into view. It is wielding a +0 spear.
The wyvern hisses angrily.
Casting: Wereblood (safe; 1% risk of failure)
Confirm with . or Enter, or press ? or * to list all spells.
You extend your transformation's duration.
The wyvern hisses menacingly. 😎 MP[-4]
You lost 4 mp, and now have 14/18 mp.
Unknown command.
The wyvern barely misses you. 😎 MP[+1]
The wyvern bites you!
There is a large open door here. 😕 HP[-13]
You take 13 damage, and now have 56/69 hp.
The wyvern closely misses you. 😕 HP[+1]
The wyvern attacks as you move away! The wyvern bites you!
The wyvern bites you but does no damage. 😮 HP[-11]
You take 11 damage, and now have 46/69 hp.
The wyvern closely misses you.
Things that are here:
a +0 whip; a bullfrog corpse; 😮 HP[+1] MP[+1] Unknown command.
The wyvern bites you!
* * * LOW HITPOINT WARNING * * *
😨 HP[-13]
You take 13 damage, and now have 34/69 hp. 😮 HP[+1]
Casting: Ice Form (dangerous; 11% risk of failure)
Confirm with . or Enter, or press ? or * to list all spells.
Your blood is infused with primal strength.
The wyvern bites you!
* * * LOW HITPOINT WARNING * * *
The wyvern bites you but does no damage.
Unknown command. 😨 HP[-11] MP[-2]
You take 11 damage, and now have 24/69 hp.
You lost 2 mp, and now have 14/18 mp.
You hit the wyvern but do no damage. The wyvern bites you!
* * * LOW HITPOINT WARNING * * *
😱 HP[-7]
You take 7 damage, and now have 17/69 hp.
You punch the wyvern! You freeze the wyvern.
The wyvern bites you but does no damage.
The gnoll hits you but does no damage.
Unknown command. 😱 MP[+1]
You hit the wyvern but do no damage. The wyvern bites you!
* * * LOW HITPOINT WARNING * * *
The wyvern bites you.
* * * LOW HITPOINT WARNING * * *
The gnoll hits you but does no damage. 😱 HP[-9]
You take 9 damage, and now have 8/69 hp.
You hit the wyvern but do no damage. The wyvern bites you!
You die...

Skill      XL: |  1  2  3  4  5  6  7 |
---------------+----------------------+-----
Ice Magic      | 1 2 3 |  3.0
Poison Magic   | 1 2 |  2.0
Transmutations | 2 4 5 7 |  7.4
Spellcasting   | 2 3 4 |  4.8
Fighting       | |  0.8
Dodging        | |  1.7
Unarmed Combat | |  2.6

Action                     |  1- 3 |  4- 6 |  7- 9 || total
---------------------------+-------+-------+-------++-------
  Melee: Unarmed           |   111 |   155 |    65 ||   331
         Kick              |    25 |    12 |       ||    37
         Headbutt          |    13 |     7 |       ||    20
         Punch             |     2 |     1 |       ||     3
   Cast: Beastly Appendage |    31 |    10 |       ||    41
         Wereblood         |     1 |     1 |     6 ||     8
         Spider Form       |       |     9 |       ||     9
         Ice Form          |       |     2 |     7 ||     9
    Use: Scroll            |     4 |     3 |     6 ||    13
         Potion            |     1 |     2 |       ||     3
 Armour: Robe              |    27 |    31 |       ||    58
         Skin              |     4 |    19 |    36 ||    59
  Dodge: Dodged            |    81 |   124 |    28 ||   233

Levels and vault maps discovered:
D:1:      eino_arrival_druids_welcome, layout_loops_ring
D:2:      layout_rooms, basic_altar
D:3:      layout_basic, hangedman_decor_clover_reticule, minmay_crystal_room,
          roderic_lattice_a
D:4:      layout_rooms, worldfamousw_hep_ancestral_shrine, serial_shops,
          kennysheep_little_box, nicolae_shop_overgrown_old_shop,
          hangedman_feature_mirror
D:5:      layout_rooms, chequers_temple_overflow_statue_of_worship, uniq_grinder
D:6:      layout_basic, temple_fountains
D:7:      layout_loops_cross, nicolae_tso_carved_into_rock,
          kennysheep_big_empty_room

Notes
Turn   | Place    | Note
-------+----------+-------------------------------------------
     0 | D:1      | ytrimaz the Demigod Transmuter began the quest for the Orb.
     0 | D:1      | Reached XP level 1. HP: 15/15 MP: 5/5
     0 | D:1      | magus.rc [v1.9.6]
   100 | D:1      | HP: 2/15 [quokka (4)]
   355 | D:1      | Reached skill level 1 in Ice Magic
   355 | D:1      | Reached skill level 1 in Poison Magic
   358 | D:1      | You pick up a book of Conjurations and begin reading...
   358 | D:1      | You add the spells Magic Dart, Searing Ray and Fulminant
                  | Prism to your library.
   556 | D:1      | Reached XP level 2. HP: 22/22 MP: 5/7
   795 | D:2      | Identified the +7 dagger of Megalomania {elec, Will+ MP+9
                  | Str+5 Dex-2}
   884 | D:2      | Reached XP level 3. HP: 20/27 MP: 5/8
   908 | D:2      | Learned a level 2 spell: Wereblood
   975 | D:2      | You pick up a book of Dangerous Friends and begin
                  | reading...
   975 | D:2      | You add the spells Summon Guardian Golem, Orb of
                  | Destruction and Spellforged Servitor to your library.
  1063 | D:2      | Reached skill level 2 in Ice Magic
  1063 | D:2      | Reached skill level 2 in Poison Magic
  1246 | D:3      | HP: 6/27 [adder (1)]
  1704 | D:3      | Reached XP level 4. HP: 34/34 MP: 7/9
  1716 | D:3      | Reached skill level 2 in Transmutations
  1802 | D:3      | Learned a level 3 spell: Spider Form
  2158 | D:4      | Reached skill level 3 in Ice Magic
  2162 | D:4      | You pick up a book of Necromancy and begin reading...
  2162 | D:4      | You add the spells Necrotise, Vampiric Draining and Agony
                  | to your library.
  2212 | D:4      | You pick up a book of Cantrips and begin reading...
  2212 | D:4      | You add the spells Summon Small Mammal and Apportation to
                  | your library.
  2479 | D:4      | Found Voyplib's Jewellery Shoppe.
  2543 | D:4      | Reached skill level 2 in Spellcasting
  2543 | D:4      | Reached XP level 5. HP: 34/39 MP: 2/10
  2544 | D:4      | Reached skill level 3 in Transmutations
  2635 | D:4      | Found Jyqisan's Antique Armour Boutique.
  2970 | D:5      | Entered Level 5 of the Dungeon
  2970 | D:5      | Noticed Grinder
  2971 | D:5      | Paralysed by Grinder for 2 turns
  2997 | D:5      | Paralysed by Grinder for 5 turns
  3036 | D:5      | Killed Grinder
  3037 | D:5      | Reached skill level 4 in Transmutations
  3037 | D:5      | Reached XP level 6. HP: 36/46 MP: 2/13
  3042 | D:5      | Learned a level 4 spell: Ice Form
  3178 | D:5      | Reached skill level 3 in Spellcasting
  3343 | D:5      | Reached skill level 5 in Transmutations
  3552 | D:5      | Reached XP level 7. HP: 26/51 MP: 11/15
  3800 | D:6      | Reached skill level 6 in Transmutations
  3889 | D:6      | Reached skill level 4 in Spellcasting
  3967 | D:6      | Noticed a wraith
  3978 | D:6      | Killed a wraith
  4123 | D:6      | Found a staircase to the Ecumenical Temple.
  4233 | D:6      | Reached skill level 7 in Transmutations
  4233 | D:6      | Reached XP level 8. HP: 58/58 MP: 11/18
  4926 | D:7      | You add the spells Sting, Poisonous Vapours and Olgreb's
                  | Toxic Radiance to your library.
  5022 | D:7      | HP: 17/69 [wyvern (7)]
  5024 | D:7      | HP: 8/69 [wyvern (3)]
  5025 | D:7      | Slain by a wyvern

Vanquished Creatures
  Grinder (D:5)
  A wraith (D:6)
  A black bear (D:6)
  A centaur (D:6)
  2 phantoms
  2 bullfrogs (D:7)
  A scorpion (D:6)
  3 wights (D:6)
  3 hounds
  3 orc priests
  A sleepcap (D:5)
  An iguana (D:4)
  2 orc wizards
  6 adders
  A gnoll (D:7)
  A shadow imp (D:6)
  2 white imps
  A worm (D:4)
  2 dart slugs
  9 orcs
  4 endoplasms
  2 giant cockroaches (D:1)
  7 goblins
  4 hobgoblins
  2 jackals (D:3)
  4 quokkas
  4 ball pythons
  3 bats
  2 frilled lizards (D:3)
  8 kobolds
  4 rats
88 creatures vanquished.

Table legend:
 A = Non-vault XP
 B = Vault XP
 C = Vault XP percentage of total XP
 D = Non-vault monster count
 E = Vault monster count
 F = Vault count percentage of total count
                 A         B        C        D         E       F
            +---------+---------+-------+---------+---------+-------
      Total |    1781 |     294 |  14.2 |      85 |       3 |   3.4
            +---------+---------+-------+---------+---------+-------
        D:1 |      20 |       0 |   0.0 |      13 |       0 |   0.0
        D:2 |      57 |       0 |   0.0 |      11 |       0 |   0.0
        D:3 |      58 |       0 |   0.0 |      24 |       0 |   0.0
        D:4 |     120 |       4 |   3.2 |       9 |       2 |  18.2
        D:5 |     360 |     290 |  44.6 |      10 |       1 |   9.1
        D:6 |     963 |       0 |   0.0 |      15 |       0 |   0.0
        D:7 |     203 |       0 |   0.0 |       3 |       0 |   0.0
            +---------+---------+-------+---------+---------+-------

Illustrated notes

Table legend:
 A = Kills in this place as a percentage of kills in the entire game.
 B = Kills by you in this place as a percentage of kills by you in the entire game.
 C = Kills by friends in this place as a percentage of kills by friends in the entire game.
 D = Other kills in this place as a percentage of other kills in the entire game.
 E = Experience gained in this place as a percentage of experience gained in the entire game.
 F = Experience gained in this place divided by the number of levels of this place that you have seen.
                   A       B       C       D       E      F
               +-------+-------+-------+-------+-------+----------------------
         Total | 100.0 | 100.0 |   N/A |   N/A | 100.0 | 296.4
       Dungeon | 100.0 | 100.0 |   N/A |   N/A | 100.0 | 296.4
               +-------+-------+-------+-------+-------+----------------------

Table legend: (Time is in decaauts)
 A = Elapsed time spent in this place.
 B = Non-inter-level travel time spent in this place.
 C = Inter-level travel time spent in this place.
 D = Time resting spent in this place.
 E = Time spent auto-exploring this place.
 F = Levels seen in this place.
 G = Mean time per level.
                   A        B        C        D        E       F      G
               +--------+--------+--------+--------+--------+-----+--------+
         Total |   5014 |   4747 |    267 |     30 |   3784 |   7 |  716.3 |
       Dungeon |   5014 |   4747 |    267 |     30 |   3784 |   7 |  716.3 |
               +--------+--------+--------+--------+--------+-----+--------+

Top non-repeatable levels by time:
     D:6: 1126 daAuts
     D:3: 946 daAuts
     D:1: 811 daAuts
     D:5: 754 daAuts
     D:4: 720 daAuts
     D:2: 483 daAuts
     D:7: 170 daAuts
